 Dungeon Crawl Stone Soup version 0.31-a0-640-g39d97e502b (webtiles) character file.

Game seed: 9776176646306077190

245 qw the Shooter (level 6, -11/38 HPs)
             Began as a Gargoyle Hunter on Aug 27, 2023.
             Mangled by an ogre
             ... wielding a +0 giant club
              (20 damage)
             ... on level 4 of the Dungeon.
             The game lasted 00:01:09 (2341 turns).

qw the Shooter (Gargoyle Hunter)                    Turns: 2341, Time: 00:01:09

Health: -11/38     AC:  8    Str: 14    XL:     6   Next: 10%
Magic:  6/6        EV: 12    Int: 13    God:
Gold:   84         SH:  0    Dex: 15    Spells: 5/5 levels left

rFire   + + .        Y - +1 shortbow
rCold   + + .        (shield currently unavailable)
rNeg    + . .        a - +2 robe {rC+ rF+}
rPois   inf          (no helmet)
rElec   +            c - scarf "Sodwuf" {rC+ rF+, Int+3 SInv Stlth+}
rCorr   .            (no gloves)
SInv    +            (no boots)
Will    .....        (no amulet)
Stlth   +++          (no ring)
HPRegen 0.26/turn    (no ring)
MPRegen 0.10/turn

%: no passive effects
@: no status effects
A: sickness immunity, AC +4, negative energy resistance 1, electricity
resistance, torment resistance 1, petrification resistance
a: no special abilities


You were on level 4 of the Dungeon.
You visited 1 branch of the dungeon, and saw 4 of its levels.

You collected 84 gold pieces.


Innate Abilities, Weirdness & Mutations

You are immune to sickness and miasma.
Your stone body is resilient. (AC +4)
You are immune to poison.
You resist negative energy. (rN+)
You are resistant to electric shocks. (rElec)
You are resistant to unholy torment.
You are immune to petrification.


   Skills:
 - Level 4.0 Fighting
 + Level 6.4 Ranged Weapons
 - Level 1.5 Dodging
 - Level 1.1 Stealth


You had 5 spell levels left.
You didn't know any spells.
Your spell library was empty.

Inventory:

Hand Weapons
 Y - a +1 shortbow (weapon)
Armour
 a - a +2 robe of resistance (worn)
 b - a +1 cloak
 c - the scarf "Sodwuf" (worn) {rC+ rF+, Int+3 SInv Stlth+}
   (You acquired it on level 3 of the Dungeon)

   Int+3:     It affects your intelligence (+3).
   SInv:      It lets you see invisible.
   Stlth+:    It makes you more stealthy.
 d - a +3 leather armour
Jewellery
 e - a ring of fire
Potions
 i - a potion of curing {unknown}

Dungeon Overview and Level Annotations

Branches:
Dungeon (4/15)
 Temple: D:4-7

Altars:
Ashenzari
Wu Jian


Message History

Waypoint 3 assigned to D:4.
You open the door.
There is an open door here.
Found a sling.
You now have 84 gold pieces (gained 12).
A goblin comes into view. It is wielding a +0 club.
You shoot an arrow. The arrow hits the goblin!
You kill the goblin!
Found a quarterstaff.
An endoplasm comes into view.
You shoot an arrow. The arrow hits the endoplasm.
The endoplasm is lightly wounded.
You shoot an arrow. The arrow barely misses the endoplasm.
You shoot an arrow.
The arrow completely misses the endoplasm.
You shoot an arrow. The arrow barely misses the endoplasm.
The endoplasm jiggles.
The endoplasm closely misses you.
You shoot an arrow. The arrow hits the endoplasm.
You kill the endoplasm!
You see here a +0 quarterstaff.
An ogre comes into view. It is wielding a +0 giant club.
You shoot an arrow.
The arrow hits the ogre but does no damage.
The ogre shouts!
An ogre and an endoplasm come into view.
You shoot an arrow.
The arrow hits the ogre but does no damage.
You shoot an arrow.
The arrow hits the ogre but does no damage.
A kobold comes into view. It is wielding a +0 short sword.
You shoot an arrow. The arrow barely misses the ogre.
The kobold shouts!
The ogre hits you with a +0 giant club!!
Ouch! That really hurt!
You shoot an arrow. The arrow hits the ogre.
The ogre is lightly wounded.
The ogre hits you with a +0 giant club!!
Ouch! That really hurt!
You die...

### ## #.# #.# .# #.#
#.# .# ##.###.## .#
........###.######
###### #.##.....@.......
#....# #.##..)###O######
#....###.##...###.J.
............).........
..####.#.##...###.......
#.# #.#.##...# ..K....
..# #.#.##...# .......
#....#.#.##...# .......
+....+......... '


You could see an ogre, an endoplasm and a kobold.

Vanquished Creatures
  A scorpion (D:3)
  An orc priest (D:3)
  An orc wizard (D:2)
  3 adders
  A worm (D:2)
  5 dart slugs
  6 orcs
  9 endoplasms
  A giant cockroach (D:2)
  10 goblins
  8 hobgoblins
  8 jackals (D:1)
  8 ball pythons
  10 bats
  A frilled lizard (D:3)
  4 kobolds
  6 rats
83 creatures vanquished.

Notes
Turn   | Place    | Note
-------+----------+-------------------------------------------
     0 | D:1      | qw the Gargoyle Hunter began the quest for the Orb.
     0 | D:1      | Reached XP level 1. HP: 12/12 MP: 1/1
     0 | D:1      | 0 ||| qw: Version: 0.3-a-74-g0d5e918
     0 | D:1      | 0 ||| qw: Game counter: 38
     0 | D:1      | 0 ||| qw: Melee chars always use a shield: true
     0 | D:1      | 0 ||| qw: God list: Okawaru
     0 | D:1      | 0 ||| qw: Allow faded altars: false
     0 | D:1      | 0 ||| qw: Do Orc after clearing Dungeon:15 true
     0 | D:1      | 0 ||| qw: Do second Lair branch before Depths: true
     0 | D:1      | 0 ||| qw: Lair rune preference: random
     0 | D:1      | 0 ||| qw: Goals: Normal
     0 | D:1      | 0 ||| PLANNING D:1-11
    40 | D:1      | Reached XP level 2. HP: 16/17 MP: 2/2
   162 | D:1      | Reached XP level 3. HP: 21/21 MP: 3/3
   197 | D:1      | Reached skill level 5 in Ranged Weapons
   258 | D:1      | Found a faded altar of an unknown god.
   501 | D:1      | 501 ||| READING scroll labelled XIUTTO VAJ.
   502 | D:1      | 502 ||| DROPPING scroll of butterflies.
   539 | D:2      | Reached skill level 3 in Fighting
   549 | D:2      | Reached XP level 4. HP: 28/28 MP: 4/4
   621 | D:2      | Found a broken altar of Ashenzari.
   880 | D:2      | 880 ||| FLEEEEING.
   881 | D:2      | 881 ||| FLEEEEING.
   882 | D:2      | 882 ||| FLEEEEING.
   885 | D:2      | 885 ||| FLEEEEING.
   886 | D:2      | 886 ||| FLEEEEING.
   887 | D:2      | 887 ||| FLEEEEING.
   888 | D:2      | 888 ||| FLEEEEING.
   889 | D:2      | 889 ||| FLEEEEING.
   892 | D:2      | 892 ||| FLEEEEING.
   893 | D:2      | 893 ||| FLEEEEING.
   894 | D:2      | 894 ||| FLEEEEING.
   895 | D:2      | 895 ||| STAIRDANCE
   923 | D:1      | 923 ||| UPGRADING to +3 leather armour.
   933 | D:1      | 933 ||| DROPPING +0 leather armour.
   934 | D:1      | 934 ||| READING scroll labelled WIGGUT BEEME.
   935 | D:1      | 935 ||| READING scroll labelled MYCKAOTWIVO.
   936 | D:1      | 936 ||| READING scroll labelled JIMPUURYNU.
  1377 | D:2      | Reached XP level 5. HP: 32/32 MP: 5/5
  1464 | D:2      | 1464 ||| UPGRADING to +2 robe of resistance.
  1474 | D:2      | 1474 ||| READING scroll labelled DOTAEK BOES.
  1509 | D:3      | 1509 ||| STAIRDANCE
  1568 | D:3      | Identified the +2 dagger "Konwutot" {spect, rCorr SInv}
  1643 | D:3      | Found an ornate altar of the Wu Jian Council.
  1660 | D:3      | Reached skill level 6 in Ranged Weapons
  2054 | D:3      | Reached XP level 6. HP: 24/38 MP: 6/6
  2246 | D:3      | 2246 ||| UPGRADING to +0 cloak.
  2251 | D:3      | 2251 ||| READING scroll of enchant armour.
  2251 | D:3      | 2251 ||| ENCHANTING +0 cloak.
  2252 | D:3      | 2252 ||| DROPPING ring of magical power.
  2253 | D:3      | 2253 ||| READING scroll labelled UTIUSTRO LUWEU.
  2254 | D:3      | 2254 ||| READING scroll labelled QUES LUQYHU IKA.
  2255 | D:3      | 2255 ||| READING scroll labelled HOGEURPHOGI.
  2255 | D:3      | Identified a scroll of acquirement
  2255 | D:3      | 2255 ||| ACQUIRING scarf "Sodwuf" {rC+ rF+, Int+3 SInv
                  | Stlth+}
  2255 | D:3      | Acquired the scarf "Sodwuf" {rC+ rF+, Int+3 SInv Stlth+}
  2257 | D:3      | 2257 ||| UPGRADING to scarf "Sodwuf" {rC+ rF+, Int+3 SInv
                  | Stlth+}.
  2340 | D:4      | HP: 8/38 [ogre/+0 giant club (30)]
  2341 | D:4      | Mangled by an ogre

Levels and vault maps discovered:
D:1:      heliophobic_arrival_battle_scene, layout_rooms,
          shapermc_ecumenical_altar_starsandcircs
D:2:      layout_basic, basic_altar, chequers_serial_rivers_large_b
D:3:      layout_loops_ring, nicolae_overflow_crystal_walls
D:4:      layout_basic, minmay_temple_entry_waves

Skill      XL: |  1  2  3  4  5  6 |
---------------+-------------------+-----
Ranged Weapons | 5 6 |  6.4
Fighting       | 3 4 |  4.0
Dodging        | |  1.5
Stealth        | |  1.1

Action                     |  1- 3 |  4- 6 || total
---------------------------+-------+-------++-------
   Fire: Shortbow          |   106 |   158 ||   264
    Use: Scroll            |     1 |     8 ||     9
 Armour: Leather armour    |    16 |    10 ||    26
         Robe              |       |    16 ||    16
  Dodge: Dodged            |    30 |    37 ||    67

Table legend:
 A = Non-vault XP
 B = Vault XP
 C = Vault XP percentage of total XP
 D = Non-vault monster count
 E = Vault monster count
 F = Vault count percentage of total count
                 A         B        C        D         E       F
            +---------+---------+-------+---------+---------+-------
      Total |     350 |       0 |   0.0 |      83 |       0 |   0.0
            +---------+---------+-------+---------+---------+-------
        D:1 |      62 |       0 |   0.0 |      32 |       0 |   0.0
        D:2 |     105 |       0 |   0.0 |      30 |       0 |   0.0
        D:3 |     179 |       0 |   0.0 |      19 |       0 |   0.0
        D:4 |       4 |       0 |   0.0 |       2 |       0 |   0.0
            +---------+---------+-------+---------+---------+-------
